 Dungeon Crawl Stone Soup version 0.17-a0-1923-gc35365e (webtiles) character file.

843 Ordine the Digger (level 8, -2/42 HPs)
             Began as a Gargoyle Earth Elementalist on Sept 28, 2015.
             Shot with an arrow by something (3 damage)
             ... on level 3 of the Dungeon.
             The game lasted 00:28:22 (3490 turns).

Ordine the Digger (Gargoyle Earth Elementalist)     Turns: 3490, Time: 00:28:22

Health: -2/42      AC: 14    Str: 12    XL:     8   Next: 0%
Magic:  14/16      EV: 12    Int: 18    God:
Gold:   46         SH:  0    Dex: 10    Spells: 4 memorised, 7 levels left

rFire  . . .     SeeInvis .     s - +0 whip (elec)
rCold  . . .     Clarity  .     b - +0 robe
rNeg   + . .     SustAt   .     (no shield)
rPois  ∞         Gourm    .     (no helmet)
rElec  +         Spirit   .     o - +0 cloak
rCorr  .         Warding  .     (no gloves)
rMut   .         Stasis   .     l - +2 pair of boots
MR     .....                    (no amulet)
Stlth  +++.......               (no ring)
                                i - ring of stealth

@: stone skin, not resistant to hostile enchantments, fairly stealthy
A: negative energy resistance 1, electricity resistance, unbreathing,
petrification resistance, rot immunity, AC +5
a: no special abilities


You were on level 3 of the Dungeon.
You were not hungry.

You visited 1 branch of the dungeon, and saw 3 of its levels.
You also visited: Sewer.

You collected 46 gold pieces.

Inventory:

Hand weapons
 g - a +3 quarterstaff of chaos
 s - a +0 whip of electrocution (weapon)
Missiles
 a - 67 stones (quivered)
Armour
 b - a +0 robe (worn)
 l - a +2 pair of boots (worn)
 o - a +0 cloak (worn)
Jewellery
 i - a ring of stealth (left hand)
Scrolls
 h - 2 scrolls of remove curse
Potions
 e - 2 potions of brilliance
 j - 2 potions of might
 k - 2 potions of invisibility {unknown}
 n - a potion of resistance {unknown}
 p - a potion of curing {unknown}
 q - a potion of heal wounds {unknown}
 v - 2 potions of flight {unknown}
Books
 c - a book of Geomancy

   Spells                             Type                      Level
   a - Sandblast                      Earth                        1
   b - Stoneskin                      Transmutation/Earth          2
   c - Passwall                       Transmutation/Earth          3
   d - Stone Arrow                    Conjuration/Earth            3
   e - Petrify                        Transmutation/Earth          4
   f - Lee's Rapid Deconstruction     Earth                        5
Comestibles
 d - 3 bread rations
 f - a beef jerky
 m - a slice of pizza
 r - 5 chunks of flesh
 t - a meat ration


   Skills:
 + Level 0.9 Fighting
 + Level 1.1 Maces & Flails
 + Level 1.3 Armour
 + Level 1.9 Dodging
 - Level 2.1 Stealth
 * Level 5.8 Spellcasting
 + Level 3.7 Conjurations
 - Level 0.7 Transmutations
 + Level 6.2 Earth Magic


You had 7 spell levels left.
You knew the following spells:

 Your Spells              Type           Power        Failure   Level  Hunger
a - Sandblast             Erth           ####..       1%          1    None
b - Stoneskin             Trmt/Erth      ###.....     6%          2    None
c - Stone Arrow           Conj/Erth      ###...       6%          3    ##.....
d - Lee's Rapid Deconstr  Erth           ####......   28%         5    #####..


Dungeon Overview and Level Annotations

Branches:
Dungeon (3/15)

Altars:


Innate Abilities, Weirdness & Mutations

You are resistant to torment.
Your stone body is resilient (AC +5).
You are immune to poison.
You resist negative energy.
You are resistant to electric shocks.
You can survive without breathing.
You are immune to petrification.
You are immune to rotting.


Message History

You see here 2 arrows.
You hear a twanging sound.
An arrow appears from out of thin air!
The arrow hits you.
* * * LOW HITPOINT WARNING * * *
You see here an arrow.
You hear a twanging sound.
An arrow appears from out of thin air!
The arrow barely misses you.
You see here an arrow.
You hear a twanging sound.
An arrow appears from out of thin air!
The arrow hits you.
* * * LOW HITPOINT WARNING * * *
You see here an arrow.
Drink which item? (? for menu, Esc to quit)
Okay, then.
Casting: Sandblast
Confirm with . or Enter, or press ? or * to list all spells.
Your skin hardens.
You hear a twanging sound.
An arrow appears from out of thin air!
The arrow hits you.
You die...

#.#*#(# ##.##
#......#####**,** #.*
#.###...###.###..#
**,*>** #,*
#(.((((.....# #..#
**,***,* *,*
#####.(.##### #..#
*,** **, *,*** ##.##
#..# *,,***,* ***_**
#(# #..# *,*,*,**
**,,,** #(# #.<#
*,**,**
*8,*,8####{########..#
*,**,*
**,,,*#...((..(@..)÷.#
*,**,***
**,**#.###########.##
*,**,,,, **∩*≈#,*
***#.#* *,******
*≈,,,∩,* *,,...****,*
**∩*≈*** *,,...,,,,<*
**,*** *,....#*****
***,,,**
**.#.##**********
,*8,*,8*
#.#..,,,,,,,,,,,
***,,,**
*,**************


There were no monsters in sight!

Vanquished Creatures
  8 big kobolds (Sewer)
  Crazy Yiuf (D:2)
  Jessica (D:2)
  13 adders
  A river rat (Sewer)
  An ooze (Sewer)
  5 worms
  A giant gecko (D:3)
  An orc (D:3)
  8 giant cockroaches
  8 goblins
  7 hobgoblins
  A ball python (Sewer)
  7 bats
  3 giant newts
  2 jackals (D:1)
  13 kobolds
  20 rats
101 creatures vanquished.

Notes
Turn   | Place    | Note
--------------------------------------------------------------
     0 | D:1      | Ordine the Gargoyle Earth Elementalist began the quest for the Orb.
     0 | D:1      | Reached XP level 1. HP: 10/10 MP: 3/3
   405 | D:1      | Reached XP level 2. HP: 15/15 MP: 3/5
   489 | D:1      | Learned a level 2 spell: Stoneskin
   742 | D:1      | Reached skill level 4 in Earth Magic
   830 | D:1      | Reached XP level 3. HP: 19/19 MP: 1/7
   835 | D:1      | Learned a level 3 spell: Stone Arrow
  1516 | D:2      | Reached XP level 4. HP: 21/24 MP: 0/8
  1874 | D:2      | Noticed Crazy Yiuf
  1892 | D:2      | Killed Crazy Yiuf
  1892 | D:2      | Reached skill level 1 in Conjurations
  1892 | D:2      | Reached XP level 5. HP: 25/28 MP: 3/10
  1899 | D:2      | Learned a level 5 spell: Lee's Rapid Deconstruction
  2132 | D:2      | Noticed Jessica
  2146 | D:2      | Killed Jessica
  2484 | D:3      | Found a glowing drain.
  2681 | Sewer    | Entered a sewer
  2780 | Sewer    | Reached skill level 5 in Earth Magic
  2780 | Sewer    | Reached XP level 6. HP: 29/32 MP: 7/12
  2972 | Sewer    | Reached skill level 5 in Spellcasting
  2977 | Sewer    | Reached XP level 7. HP: 33/36 MP: 2/14
  2997 | Sewer    | Reached skill level 6 in Earth Magic
  3200 | Sewer    | Reached skill level 1 in Maces & Flails
  3200 | Sewer    | Reached skill level 1 in Armour
  3440 | D:3      | Reached XP level 8. HP: 38/42 MP: 16/16
  3462 | D:3      | Noticed a centaur
  3489 | D:3      | HP: 1/42 [something (4)]
  3490 | D:3      | Shot with an arrow by something

Vault maps used:
D:1:      dpeg_arrival_refuge, kennysheep_minor_cross
D:2:      uniq_crazy_yiuf_cottage, uniq_jessica
D:3:      lemuel_zombie_altar_kikubaaqudgha, ashenzari_altar_1,
          amethyst_overflow_temple_binary, nicolae_ru_sacrificial_ziggurat,
          portal_sewer_entry_c, first_bread, uniq_terence, uniq_robin
Sewer:    sewer_co_tree

Action                   |  1- 3 |  4- 6 |  7- 9 || total
-------------------------+-------+-------+-------++-------
Melee: Unarmed           |     7 |       |       ||     7
       Hand axe          |    22 |     5 |       ||    27
       Club              |       |    28 |       ||    28
       Whip              |       |       |    52 ||    52
 Cast: Sandblast         |    71 |    96 |    49 ||   216
       Stoneskin         |       |     1 |     1 ||     2
  Use: Scroll            |     3 |     5 |     1 ||     9
  Eat: Chunk             |     2 |     5 |     2 ||     9
